 Dungeon Crawl Stone Soup version 0.27-a0-1123-g2f9bb313c0 (webtiles) character file.

Game seed: 13891533056686596209

468 Zeld the Skirmisher (level 7, 0/50 HPs)
             Began as an Octopode Fighter on May 4, 2021.
             Was an Initiate of Okawaru.
             Slain by an ogre
             ... wielding a +0 giant spiked club
              (29 damage)
             ... on level 3 of the Dungeon.
             The game lasted 00:06:07 (5130 turns).

Zeld the Skirmisher (Octopode Fighter)              Turns: 5130, Time: 00:06:08

Health: 0/50       AC:  1    Str: 17    XL:     7   Next: 8%
Magic:  7/7        EV: 11    Int: 11    God:    Okawaru [......]
Gold:   36         SH:  9    Dex: 11    Spells: 6/6 levels left

rFire    . . .     SeeInvis .   a - +0 war axe
rCold    . . .     Faith    .   b - +0 kite shield
rNeg     . . .     Spirit   .   (helmet restricted)
rPois    .         Reflect  .   (no amulet)
rElec    .         Harm     .   p - ring of resist corrosion
rCorr    +         Rampage  .   (no ring)
Will     .....                  (no ring)
Stlth    ++........             (no ring)
HPRegen  0.16/turn              (no ring)
MPRegen  0.10/turn              (no ring)
                                (no ring)
                                (no ring)

@: no status effects
A: almost no armour, amphibious, 8 rings, camouflage 1, gelatinous body 1,
(nimble swimmer 1), tentacles
a: Renounce Religion


You were on level 3 of the Dungeon.
You worshipped Okawaru.
Okawaru was noncommittal.
You visited 2 branches of the dungeon, and saw 6 of its levels.

You collected 148 gold pieces.
You spent 112 gold pieces at shops.

Inventory:

Hand Weapons
 a - a +0 war axe (weapon)
Armour
 b - a +0 kite shield (worn)
Jewellery
 p - a ring of resist corrosion (left tentacle)
Wands
 g - a wand of flame (22)
Scrolls
 c - a scroll of acquirement {unknown}
 f - a scroll of fog {unknown}
 h - a scroll of amnesia {unknown}
 i - a scroll of immolation {unknown}
 k - 4 scrolls of identify {unknown}
 l - 4 scrolls of enchant weapon {unknown}
 q - a scroll of fear {unknown}
 r - a scroll of teleportation {unknown}
 s - a scroll of magic mapping {unknown}
Potions
 d - 4 potions of heal wounds {unknown}
 e - a potion of flight {unknown}
 j - 5 potions of lignification {unknown}
 m - 2 potions of curing {unknown}
 n - a potion of ambrosia {unknown}
 o - a potion of haste {unknown}


   Skills:
 * Level 5.1 Fighting
 * Level 4.5 Axes
 - Level 3.0 Dodging
 * Level 5.1 Shields


You had 6 spell levels left.
You didn't know any spells.
Your spell library was empty.

Dungeon Overview and Level Annotations

Branches:
Dungeon (5/15)             Temple (1/1) D:4

Altars:
Ashenzari
Cheibriados
Dithmenos
Fedhas
Hepliaklqana
Kikubaaqudgha
Makhleb
Nemelex Xobeh
Okawaru
Qazlal
Sif Muna
Trog
Uskayaw
Wu Jian
Xom
Yredelemnul
The Shining One

Shops:
D:3 =   D:4 *


Innate Abilities, Weirdness & Mutations

You cannot wear most types of armour.
You are amphibious.
You can wear up to eight rings at the same time.
Your skin changes colour to match your surroundings (Stealth+).
Your rubbery body absorbs attacks. (AC +1, EV +1)
((You are camouflaged near water. (Stealth+)))
You have tentacles for arms and can constrict up to eight enemies at once.


Message History

You kill the ogre!
Okawaru accepts your kill.
Your Fighting skill increases to level 5!
Your Shields skill increases to level 5!
You have reached level 7!
Save game and exit? [Y]es or [N]o only, please.
Save game and exit? [Y]es or [N]o only, please.
Save game and exit? [Y]es or [N]o only, please.
Save game and exit? [Y]es or [N]o only, please.
Save game and exit?
Okay, then.
There is a stone staircase leading up here.
You climb upwards.
There is a stone staircase leading down here.
There is an escape hatch in the ceiling here.
A mysterious force pulls you upwards. The hatch slams shut behind you.
Done exploring.
Level map cleared.
There is a stone staircase leading up here.
An ogre is nearby!
The ogre shouts!
You hit the ogre.
The ogre is lightly wounded.
The ogre hits you with a +0 giant spiked club!
You hit the ogre.
The ogre is lightly wounded.
The ogre misses you.
You barely miss the ogre. You squeeze the ogre, but do no damage.
The ogre is lightly wounded.
The ogre hits you with a +0 giant spiked club!
You block the ogre's attack.
You slash the ogre!
The ogre is heavily wounded.
The ogre hits you with a +0 giant spiked club!!
Ouch! That really hurt!
You die...

#.# #....##..*
#.........# ..#
####...##..**
#.(.......#
.####.......#.#*
###..######
....#.#.##..#.# ##.##
##....#.##....## ##..#
#..#.##.##.##..####...#
..##..#.##.##........##
#####...##.##.###.####
** #..###.##.#.@.# ,*
*#....#.##.#O### ,*
#..##...##...####
,**#.#####.##......#
,,.....###..#.#....#
,#.#.#.............#
,#....####.........#
,#,.,,.....##......#
**,***###.....#....#


You could see an ogre.

Vanquished Creatures
  An ogre (D:5)
  2 scorpions
  A water moccasin skeleton (D:5)
  An orc priest (D:4)
  An orc wizard (D:4)
  A hound skeleton (D:4)
  3 gnolls (D:3)
  4 adders
  An adder zombie (D:5)
  2 worms
  A dart slug (D:2)
  8 orcs
  7 ball pythons
  6 bats
  7 endoplasms
  6 giant cockroaches
  5 goblins
  6 hobgoblins
  5 jackals
  5 kobolds
  A quokka (D:1)
  4 rats
78 creatures vanquished.

Vanquished Creatures (others)
  13 plants (D:3)
13 creatures vanquished.

Grand Total: 91 creatures vanquished

Notes
Turn   | Place    | Note
-------+----------+-------------------------------------------
     0 | D:1      | Zeld the Octopode Fighter began the quest for the Orb.
     0 | D:1      | Reached XP level 1. HP: 16/16 MP: 1/1
   173 | D:1      | Reached XP level 2. HP: 11/21 MP: 2/2
   986 | D:2      | Reached XP level 3. HP: 26/26 MP: 3/3
  1411 | D:2      | Found a faded altar of an unknown god.
  2578 | D:3      | Found Jebiq's Jewellery Shop.
  2642 | D:3      | Reached XP level 4. HP: 23/33 MP: 4/4
  3120 | D:4      | Noticed a scorpion
  3136 | D:4      | Killed a scorpion
  3137 | D:4      | Reached XP level 5. HP: 28/37 MP: 5/5
  3251 | D:4      | Found a hide-covered altar of Uskayaw.
  3269 | D:4      | Found Rapta's Assorted Antiques.
  3279 | D:4      | Bought a bubbling brown potion for 28 gold pieces
  3279 | D:4      | Bought a bubbling brown potion for 28 gold pieces
  3279 | D:4      | Bought a glowing silvery potion for 28 gold pieces
  3350 | D:4      | Identified the +2 pair of boots of Dishonesty {rCorr Dex+6}
  3499 | D:4      | Found a staircase to the Ecumenical Temple.
  3505 | Temple   | Entered the Ecumenical Temple
  3609 | Temple   | Became a worshipper of Warmaster Okawaru
  3942 | D:4      | Reached XP level 6. HP: 44/44 MP: 6/6
  4571 | D:5      | Entered Level 5 of the Dungeon
  4622 | D:4      | Bought a fizzy inky potion for 28 gold pieces
  4989 | D:5      | Reached skill level 5 in Fighting
  4989 | D:5      | Reached skill level 5 in Shields
  4989 | D:5      | Reached XP level 7. HP: 50/50 MP: 7/7
  5130 | D:3      | Slain by an ogre

Illustrated notes

Levels and vault maps discovered:
D:1:      amcnicky_arrival_single_pillar, layout_loops_ring,
          minmay_misc_feat_columns, moated_statue, grunt_decor_cap
D:2:      layout_basic, hellmonk_ecumenical_altar_inner_sanctum
D:3:      layout_rooms, serial_shops, shop_statue, serial_bayou_ford_a,
          kennysheep_generic_room_11
D:4:      layout_rooms, nicolae_uskayaw_dance_hall, minmay_temple_entry_hall,
          serial_shops, nicolae_shop_stone, kennysheep_opposing_triangles
D:5:      layout_rooms
Temple:   nicolae_temple_elliptical

Skill      XL: |  1  2  3  4  5  6 |
---------------+-------------------+-----
Axes           | 3 4 |  4.5
Fighting       | 4 5 |  5.1
Shields        | 4 5 |  5.1
Dodging        | |  3.0

Action                   |  1- 3 |  4- 6 |  7- 9 || total
-------------------------+-------+-------+-------++-------
Melee: War axe           |    83 |    65 |     4 ||   152
       Constrict         |    17 |    16 |       ||    33
       Tentacles         |    14 |    16 |     1 ||    31
  Use: Potion            |       |     1 |       ||     1
 Stab: Sleeping          |     7 |     2 |       ||     9
Armor: Skin              |     9 |     3 |       ||    12
Dodge: Dodged            |    63 |    27 |     1 ||    91
Block: Kite shield       |    43 |    28 |     1 ||    72

Table legend: (Time is in decaauts)
 A = Elapsed time spent in this place.
 B = Non-inter-level travel time spent in this place.
 C = Inter-level travel time spent in this place.
 D = Time resting spent in this place.
 E = Time spent auto-exploring this place.
 F = Levels seen in this place.
 G = Mean time per level.
                   A        B        C        D        E       F      G
               +--------+--------+--------+--------+--------+-----+--------+
         Total |   5219 |   5029 |    190 |    472 |   3719 |   6 |  869.8 |
       Dungeon |   4854 |   4692 |    162 |    278 |   3590 |   5 |  970.8 |
        Temple |    365 |    337 |     28 |    194 |    129 |   1 |  365.0 |
               +--------+--------+--------+--------+--------+-----+--------+

Top non-repeatable levels by time:
     D:2: 1224 daAuts
     D:3: 1198 daAuts
     D:4: 1022 daAuts
     D:1: 997 daAuts
     D:5: 411 daAuts
  Temple: 365 daAuts
